 Dungeon Crawl Stone Soup version 0.20-b1-2-gc5a9893 (webtiles) character file.

95 KeyserSoze the Sneak (level 4, 0/22 HPs)
             Began as a Spriggan Assassin on May 22, 2017.
             Succumbed to an adder's poison
             ... on level 3 of the Dungeon.
             The game lasted 00:09:36 (2221 turns).

KeyserSoze the Sneak (Spriggan Assassin)            Turns: 2221, Time: 00:09:37

Health: 0/22       AC:  4    Str:  7    XL:     4   Next: 40%
Magic:  5/5        EV: 18    Int: 12    God:
Gold:   73         SH:  0    Dex: 18    Spells: 3/3 levels left

rFire    . . .     SeeInvis +   b - +0 blowgun
rCold    . . .     Gourm    .   (shield restricted)
rNeg     . . .     Faith    .   c - +1 robe
rPois    .         Spirit   .   (helmet restricted)
rElec    .         Reflect  .   d - +0 cloak
rCorr    .         Harm     .   (gloves unavailable)
MR       .....                  (boots unavailable)
Stlth    ++++......             (no amulet)
Regen    0.1/turn               k - ring of wizardry
MPRegen  0.1/turn               (no ring)

@: lethally poisoned (0 -> -3), very quick
A: unfitting armour, see invisible, herbivore 3, speed 3, slow metabolism 2
a: no special abilities


You were on level 3 of the Dungeon.
You were not hungry.

You visited 1 branch of the dungeon, and saw 3 of its levels.

You collected 73 gold pieces.

Inventory:

Hand Weapons
 a - a +2 dagger
 b - a +0 blowgun (weapon)
Missiles
 e - 6 poisoned needles (quivered)
 f - 2 curare-tipped needles
Armour
 c - a +1 robe (worn)
 d - a +0 cloak (worn)
Jewellery
 k - a ring of wizardry (left hand)
Wands
 j - a wand of digging (9/24)
Scrolls
 i - 2 scrolls of identify
Potions
 h - a potion of curing
 l - a potion of cancellation
Comestibles
 g - 4 bread rations


   Skills:
 - Level 1.5 Fighting
 + Level 3.0 Short Blades
 + Level 2.7 Throwing
 + Level 2.7 Dodging
 + Level 7.3 Stealth


You had 3 spell levels left.
You didn't know any spells.

Dungeon Overview and Level Annotations

Branches:
Dungeon (3/15)

Altars:
Dithmenos
Nemelex Xobeh
Trog


Innate Abilities, Weirdness & Mutations

You are very small and have problems with some larger weapons.
You are too small for most types of armour.
You have supernaturally acute eyesight. (SInv)
You are a herbivore.
You cover ground extremely quickly.
You need consume almost no food.


Message History

You miss the adder.
The adder is almost dead.
The leopard gecko bites you but does no damage.
The adder completely misses you.
You closely miss the adder.
The adder is almost dead.
* * * LOW HITPOINT WARNING * * *
You feel sick. The leopard gecko barely misses you.
The adder closely misses you. The leopard gecko barely misses you.
The adder barely misses you.
Wield which item (- for none, * to show all)? (? for menu, Esc to quit)
b - a +0 blowgun (weapon)
* * * LOW HITPOINT WARNING * * *
You feel sick. The adder completely misses you.
There is a lethal amount of poison in your body!
* * * LOW HITPOINT WARNING * * *
You feel sick. The adder closely misses you.
You die...

####### .....#
######### P...####
#.......# #.....#
#.......#### #.....#
#..........#
#.....####........#.###
#.....#...........#...#
#.....#.#..........##.#
#.......#..@....†#....#
#.....(.Sl.#>......####
#.....####.#.#####<#
#..).......#.# ###
+..P....#.#######..
#...$####... ### ...#.
#.#.# .# # #.#.# #.# #


You could see an adder and a leopard gecko.

Vanquished Creatures
  4 adders (D:2)
  3 worms (D:2)
  2 dart slugs
  3 leopard geckos
  An orc (D:3)
  2 bats
  3 giant cockroaches
  6 goblins
  4 hobgoblins
  3 jackals (D:2)
  2 kobolds (D:2)
  2 ball pythons (D:2)
  3 frilled lizards
  7 rats
45 creatures vanquished.

Notes
Turn   | Place    | Note
-------+----------+-------------------------------------------
     0 | D:1      | KeyserSoze the Spriggan Assassin began the quest for the Orb.
     0 | D:1      | Reached XP level 1. HP: 10/10 MP: 2/2
   125 | D:1      | Reached skill level 6 in Stealth
   320 | D:1      | Reached XP level 2. HP: 14/14 MP: 3/3
   973 | D:2      | Reached XP level 3. HP: 16/18 MP: 4/4
   994 | D:2      | Reached skill level 7 in Stealth
  1187 | D:2      | Found a sparkling altar of Nemelex Xobeh.
  1404 | D:2      | Reached XP level 4. HP: 18/22 MP: 5/5
  1454 | D:2      | Found a bloodstained altar of Trog.
  1743 | D:2      | Found a shadowy altar of Dithmenos.
  2215 | D:3      | HP: 1/22 [poisoned by an adder]
  2221 | D:3      | Succumbed to an adder's poison

Skill      XL: |  1  2  3  4 |
---------------+-------------+-----
Stealth        | 6 7 |  7.3
Dodging        | 2 |  2.7
Short Blades   | 3 |  3.0
Fighting       | |  1.5
Throwing       | |  2.7

Action                   |  1- 3 |  4- 6 || total
-------------------------+-------+-------++-------
Melee: Dagger            |   128 |    78 ||   206
 Fire: Blowgun           |    23 |     8 ||    31
  Use: Scroll            |     2 |     1 ||     3
       Potion            |     2 |       ||     2
 Stab: Sleeping          |     5 |     2 ||     7
Armor: Robe              |    24 |     6 ||    30
Dodge: Dodged            |    91 |    77 ||   168
